Map: Catalyst LE

Players

Satchko - Winner!

  • Race: Zerg Zerg
  • League: Diamond
  • Spawn Location: 5:00

Anonymous

  • Race: Terran Terran
  • League: Diamond
  • Spawn Location: 11:00

VOD

Have the link to the VOD?

Description

Time

  • Played on: April 19, 2018, 1:15 a.m.
  • Length: 22:46
Show
View Real Time Build Order
Export as new Build Order

Satchko Zerg - Winner!

Build Orders: Hatch First 

Get SALT Encoding   

  12  0:01  Drone  
  13  0:12  Overlord  
  13  0:17  Drone  
  14  0:31  Drone x2  
  17  0:42  Drone  
  17  1:02  Hatchery  
  17  1:03  Extractor  
  15  1:04  Drone  
  15  1:05  Drone  
  17  1:15  Spawning Pool  
  16  1:19  Drone  
  17  1:27  Drone  
  17  1:32  Drone  
  19  1:51  Drone x2  
  21  2:04  Overlord  
  21  2:07  Queen, Extractor  
  22  2:15  Queen  
  25  2:16  Drone  
  25  2:17  Overlord  
  25  2:20  Metabolic Boost  
  26  2:29  Drone  
  27  2:32  Overlord  
  27  2:33  Drone  
  28  2:52  Hatchery  
  27  3:06  Drone x2, Roach Warren  
  28  3:14  Queen  
  28  3:16  Drone  
  28  3:19  Drone  
  32  3:22  Drone  
  33  3:30  Drone x3  
  33  3:34  Drone  
  37  3:35  Drone  
  38  3:41  Extractor  
  38  3:42  Drone x2  
  38  3:45  Zergling x2  
  38  3:46  Drone  
  41  3:57  Drone x3  
  44  4:04  Overlord  
  44  4:05  Drone x3  
  44  4:06  Roach  
  49  4:14  Drone  
  50  4:18  Overlord  
  50  4:21  Queen  
  52  4:30  Lair  
  52  4:31  Drone  
  52  4:34  Drone x5  
  52  4:35  Overlord  
  52  4:37  Roach  
  60  4:42  Drone x2  
  60  4:43  Drone  
  62  4:57  Roach x5  
  72  5:06  Drone  
  73  5:07  Overlord x2  
  73  5:08  Overlord  
  73  5:12  Spine Crawler  
  73  5:13  Drone  
  73  5:41  Queen  
  72  5:47  Overseer  
  47  6:23  Drone x9  
  47  6:24  Drone x5  
  57  6:25  Queen  
  57  6:28  Queen  
  41  6:51  Drone x6  
  41  6:52  Drone  
  48  6:57  Queen  
  48  7:00  Drone x2  
  52  7:01  Queen  
  52  7:03  Drone x4  
  52  7:07  Extractor  
  57  7:10  Extractor  
  56  7:18  Drone x3  
  59  7:26  Drone  
  59  7:27  Drone x2  
  62  7:30  Drone x3  
  62  7:36  Drone x2  
  62  7:37  Drone x4  
  71  7:45  Spore Crawler  
  71  7:48  Queen, Spore Crawler  
  71  7:49  Queen  
  71  7:50  Queen  
  77  7:51  Drone x3  
  78  7:59  Drone x3  
  78  8:01  Drone  
  78  8:04  Drone, Extractor  
  82  8:21  Spire  
  82  8:23  Drone x2  
  82  8:24  Drone x3  
  82  8:25  Drone x3  
  89  8:32  Extractor  
  88  8:37  Overlord x2  
  88  8:42  Roach x2  
  88  8:43  Roach x3  
  88  8:44  Overlord x3  
  88  8:45  Glial Reconstitution  
  98  8:53  Overlord x3  
  98  9:13  Hatchery  
  98  9:14  Drone x2  
  98  9:15  Drone  
  100  9:40  Mutalisk  
  100  9:41  Mutalisk x16  
  100  9:42  Mutalisk  
  136  9:50  Roach  
  136  9:51  Roach x2  
  141  10:16  Overseer  
  139  10:26  Queen  
  141  10:33  Roach x7  
  141  10:34  Overlord x2, Roach x3  
  161  10:42  Overlord x4  
  161  10:49  Overseer  
  161  11:08  Mutalisk x2  
  161  11:09  Mutalisk x8  
  179  11:30  Mutalisk x4  
  135  11:55  Roach x2  
  135  11:56  Roach x10  
  135  11:57  Roach x4  
  165  12:02  Roach x3  
  165  12:03  Roach  
  171  12:27  Infestation Pit  
  171  12:28  Roach  
  171  12:29  Roach x8  
  192  12:44  Roach x7  
  200  13:00  Hatchery  
  200  13:04  Hive  
  199  13:07  Evolution Chamber  
  190  13:33  Roach  
  190  13:34  Mutalisk x2, Roach x9  
  172  13:35  Mutalisk x2, Roach x6  
  198  13:48  Roach  
  196  14:05  Pneumatized Carapace  
  196  14:18  Drone  
  197  14:25  Hatchery  
  197  14:28  Hatchery  
  195  14:33  Drone  
  196  14:43  Spore Crawler  
  196  14:44  Spine Crawler  
  196  14:45  Drone x4  
  198  14:46  Spore Crawler  
  198  14:47  Zerg Ground Armor Level 1  
  198  14:50  Evolution Chamber  
  194  15:17  Drone x4  
  194  15:18  Drone  
  199  15:32  Drone x2, Extractor  
  200  15:36  Extractor  
  200  15:39  Greater Spire  
  197  15:59  Zerg Missile Weapons Level 1  
  197  16:03  Adrenal Glands  
  183  16:30  Corruptor x4  
  183  16:31  Corruptor x6  
  183  16:32  Corruptor  
  197  16:38  Drone x3  
  200  16:41  Zerg Melee Weapons Level 1  
  200  17:14  Hatchery  
  199  17:37  Spine Crawler  
  199  17:39  Spine Crawler x2  
  199  17:40  Spine Crawler x2  
  192  17:46  Brood Lord x4  
  192  18:02  Brood Lord x4  
  192  18:03  Brood Lord x2  
  200  18:12  Corruptor  
  144  18:13  Corruptor x11  
  154  18:31  Corruptor x3  
  150  18:38  Corruptor x2  
  150  18:41  Corruptor x2  
  142  19:23  Drone x3  
  143  19:27  Drone x3  
  143  19:30  Mutalisk, Corruptor x2  
  138  20:04  Drone  
  137  20:15  Drone x3  
  108  21:12  Corruptor x4  
  108  21:14  Roach x9  
  108  21:15  Drone, Roach x4  
  104  21:52  Brood Lord x2  
  97  22:11  Overseer x2  
Show
View Real Time Build Order
Export as new Build Order

Anonymous Terran 

Build Orders: Hellion Banshee, Mech 

Get SALT Encoding   

  12  0:01  SCV  
  13  0:13  SCV  
  14  0:22  Supply Depot  
  14  0:26  SCV  
  15  0:44  SCV  
  15  0:45  Barracks  
  16  0:50  Refinery  
  16  0:56  SCV  
  17  1:08  SCV  
  18  1:20  SCV  
  19  1:33  Orbital Command  
  19  1:43  Command Center  
  19  1:51  Barracks Reactor  
  19  2:01  SCV, Supply Depot  
  20  2:07  Refinery  
  20  2:15  Bunker  
  20  2:18  SCV  
  21  2:26  Factory  
  21  2:27  Marine  
  22  2:30  Marine  
  22  2:33  SCV  
  24  2:45  SCV  
  24  2:46  Marine  
  24  2:48  Marine  
  27  2:53  Supply Depot  
  27  2:58  SCV  
  28  3:05  Orbital Command  
  28  3:10  SCV  
  28  3:11  Supply Depot  
  29  3:22  Starport  
  29  3:27  Barracks Tech Lab  
  29  3:30  Armory  
  29  3:36  Hellion  
  29  3:41  Hellion  
  33  3:46  SCV  
  34  3:56  SCV  
  34  3:58  SCV  
  36  4:04  Hellion x2  
  36  4:07  Banshee  
  36  4:09  SCV  
  44  4:12  SCV  
  44  4:16  Cloaking Field  
  45  4:21  SCV  
  45  4:24  SCV  
  47  4:27  Factory  
  47  4:31  Hellion x2  
  47  4:33  SCV  
  52  4:45  SCV  
  53  4:49  SCV  
  54  4:55  Banshee  
  54  4:57  SCV  
  58  5:02  SCV, Command Center  
  59  5:10  SCV  
  59  5:13  Factory, Hellion x6  
  60  5:14  Terran Vehicle Weapons Level 1  
  60  5:16  Refinery  
  60  5:17  Refinery  
  60  5:18  Factory Tech Lab  
  60  5:35  SCV x2  
  62  5:54  Supply Depot x2  
  62  5:57  Supply Depot, Factory Tech Lab  
  62  5:58  Siege Tank, SCV x2  
  62  5:59  Factory  
  67  6:11  SCV x2  
  69  6:18  Orbital Command  
  69  6:23  SCV x2  
  68  6:35  SCV x2  
  64  6:41  Siege Tank  
  64  6:43  Siege Tank, Banshee  
  67  6:47  SCV  
  68  6:54  Orbital Command  
  68  6:56  SCV, Factory Tech Lab  
  68  6:59  SCV  
  67  7:01  Starport  
  67  7:02  Armory  
  67  7:05  Supply Depot  
  67  7:08  SCV  
  67  7:09  Supply Depot  
  67  7:10  Supply Depot  
  67  7:14  Supply Depot  
  68  7:18  Supply Depot  
  68  7:19  Supply Depot  
  68  7:20  Supply Depot  
  68  7:21  Supply Depot  
  68  7:24  Siege Tank x2  
  74  7:30  SCV  
  74  7:33  SCV  
  76  7:39  Starport Tech Lab  
  76  7:42  SCV  
  77  7:45  SCV  
  77  7:46  Fusion Core  
  77  7:49  SCV  
  79  7:54  SCV  
  79  7:57  SCV  
  81  8:01  SCV  
  81  8:03  Command Center  
  82  8:08  Engineering Bay, Banshee  
  82  8:09  Banshee  
  88  8:16  SCV  
  88  8:17  Refinery, SCV x2  
  88  8:18  Refinery  
  91  8:23  Hellbat  
  91  8:24  Siege Tank, Hellbat  
  98  8:29  SCV x2  
  98  8:31  Terran Vehicle And Ship Armor Level 1  
  100  8:41  SCV  
  101  8:52  SCV x2  
  101  8:53  SCV  
  101  8:54  Banshee  
  107  8:56  Banshee  
  107  9:01  Building Armor  
  110  9:04  Armory, SCV  
  111  9:10  Sensor Tower  
  111  9:13  Hellbat x2  
  115  9:24  Terran Vehicle Weapons Level 2  
  115  9:25  SCV  
  115  9:26  SCV  
  117  9:34  Siege Tank x2  
  117  9:36  Hellbat x2  
  127  9:41  SCV  
  127  9:44  Factory  
  128  9:49  Command Center  
  128  9:51  Banshee  
  134  10:08  Refinery  
  134  10:09  Planetary Fortress  
  134  10:10  Refinery  
  134  10:11  SCV x3  
  137  10:22  Starport, Command Center  
  137  10:30  Siege Tank  
  146  10:40  Command Center  
  146  10:41  Liberator  
  129  10:42  Thor  
  129  10:43  Thor  
  129  10:46  Missile Turret  
  129  10:49  Missile Turret  
  132  10:51  Missile Turret  
  135  11:04  Hi-Sec Auto Tracking  
  135  11:07  Widow Mine x2  
  127  11:25  Thor  
  113  11:33  SCV x3  
  112  11:40  Missile Turret  
  112  11:44  Missile Turret  
  112  11:45  SCV x3  
  99  11:52  Planetary Fortress  
  72  11:57  SCV x3  
  71  12:04  Missile Turret  
  71  12:07  Missile Turret  
  71  12:09  SCV  
  72  12:22  Missile Turret  
  72  12:25  Missile Turret, SCV  
  73  12:32  Planetary Fortress  
  73  12:36  Missile Turret, SCV  
  74  12:46  SCV  
  74  12:48  Missile Turret  
  74  12:49  Missile Turret  
  75  12:51  SCV  
  76  13:08  Missile Turret  
  76  13:09  Thor  
  76  13:10  Starport Tech Lab  
  76  13:12  Factory Reactor  
  82  13:15  Widow Mine x2  
  82  13:16  Widow Mine  
  88  13:31  SCV x3  
  90  13:42  SCV  
  90  13:46  Missile Turret  
  90  13:47  SCV  
  92  14:07  Widow Mine x2  
  92  14:08  Widow Mine  
  92  14:09  SCV, Widow Mine  
  101  14:15  Missile Turret  
  101  14:26  Missile Turret  
  101  14:27  Missile Turret  
  101  14:31  Missile Turret  
  101  14:34  Missile Turret  
  107  14:40  Battlecruiser  
  107  14:42  SCV x2  
  107  14:44  SCV x2  
  107  14:45  SCV  
  112  14:47  SCV  
  115  14:53  Widow Mine x4  
  115  14:54  SCV x2, Hellbat x3  
  115  14:56  SCV x2  
  131  15:01  Missile Turret x2  
  131  15:08  Missile Turret  
  131  15:14  Thor  
  131  15:15  Missile Turret  
  131  15:16  Missile Turret  
  134  15:22  Widow Mine x3  
  140  15:32  Thor, Missile Turret  
  140  15:33  Missile Turret x2  
  146  15:38  SCV x2  
  146  15:39  SCV  
  146  15:40  SCV x2  
  151  15:51  SCV  
  151  15:52  Thor  
  158  16:04  SCV x2  
  158  16:05  SCV x3  
  158  16:06  Command Center  
  158  16:09  Refinery  
  160  16:13  Missile Turret  
  160  16:29  Siege Tank  
  160  16:30  Siege Tank, Banshee  
  160  16:32  Banshee  
  169  16:35  Siege Tank  
  175  16:41  Terran Vehicle And Ship Armor Level 2  
  175  16:49  SCV x2  
  177  17:11  Missile Turret  
  177  17:12  Missile Turret  
  177  17:15  Siege Tank  
  177  17:16  Siege Tank, Widow Mine x3  
  177  17:17  Widow Mine  
  177  17:22  Missile Turret  
  191  17:35  Thor  
  191  17:51  Planetary Fortress  
  182  18:25  Banshee x2  
  188  18:29  Starport  
  188  18:31  Starport  
  188  18:32  Starport  
  188  18:39  Thor x2  
  174  19:01  Thor  
  170  19:07  Banshee  
  159  19:22  Thor  
  153  19:24  Viking x4  
  155  19:45  Thor  
  161  19:46  Widow Mine x3  
  161  19:47  Widow Mine  
  154  20:04  Medivac  
  154  20:05  Battlecruiser  
  159  20:26  Viking x3  
  165  20:39  Viking  
  165  20:40  Widow Mine  
  169  20:48  Widow Mine  
  171  20:56  Viking  
  157  21:08  Thor  
  119  21:28  SCV  
  119  21:32  Viking x3  
  102  21:44  Widow Mine  
  92  21:51  Viking  
  92  21:52  Viking  
Tags
 
Add a new tag
Caveats
  • Supply blocks, unpowered buildings, or Contaminate may cause inaccurate times.
  • Supply counts are checked every 10 seconds.